 Dungeon Crawl Stone Soup version 0.19-a0-853-g1231838 (webtiles) character file.

38 TheGoonsmith the Firebug (level 3, 0/19 HPs)
             Began as a Gargoyle Fire Elementalist on July 1, 2016.
             Slain by a gnoll
             ... wielding a +0 club
              (1 damage)
             ... on level 2 of the Dungeon.
             The game lasted 00:01:07 (950 turns).

TheGoonsmith the Firebug (GrFE)                      Turns: 950, Time: 00:01:09

Health: 0/19       AC:  7    Str: 11    XL:     3   Next: 43%
Magic:  1/6        EV:  7    Int: 16    God:
Gold:   43         SH:  0    Dex: 10    Spells: 1 memorised, 6 levels left

rFire  . . .     SeeInvis .     d - +0 whip
rCold  . . .     Gourm    .     a - +0 robe
rNeg   + . .     Faith    .     (no shield)
rPois  ∞         Spirit   .     (no helmet)
rElec  +         Dismiss  .     k - +1 cloak
rCorr  .         Reflect  .     (no gloves)
SustAt .         Harm     .     (no boots)
MR     .....                    (no amulet)
Stlth  ++........               (no ring)
                                (no ring)

@: very slightly contaminated, not resistant to hostile enchantments, unstealthy
A: negative energy resistance 1, electricity resistance, unbreathing,
petrification resistance, rot immunity, AC +3
a: no special abilities


You were on level 2 of the Dungeon.
You were not hungry.

You visited 1 branch of the dungeon, and saw 2 of its levels.

You collected 43 gold pieces.

Inventory:

Hand Weapons
 d - a +0 whip (weapon)
Armour
 a - a +0 robe (worn)
 k - a +1 cloak (worn)
Jewellery
 l - a cursed ring of loudness {unknown}
Scrolls
 f - a scroll of enchant weapon {unknown}
 h - a scroll of amnesia {unknown}
Potions
 e - a potion of magic {unknown}
 g - a potion of cure mutation {unknown}
 i - a potion of haste {unknown}
 m - a potion of brilliance {unknown}
Books
 b - a book of Flames

   Spells                             Type                      Level
   a - Flame Tongue                   Conjuration/Fire             1
   b - Throw Flame                    Conjuration/Fire             2
   c - Conjure Flame                  Conjuration/Fire             3
   d - Inner Flame                    Hexes/Fire                   3
   e - Sticky Flame                   Conjuration/Fire             4
   f - Fireball                       Conjuration/Fire             5
Comestibles
 c - a bread ration
 j - a slice of pizza
 n - 3 chunks of flesh


   Skills:
 - Level 1.5 Dodging
 - Level 2.1 Stealth
 + Level 2.5 Spellcasting
 * Level 2.6 Conjurations
 + Level 3.2 Fire Magic


You had 6 spell levels left.
You knew the following spells:

 Your Spells              Type           Power        Failure   Level  Hunger
a - Flame Tongue          Conj/Fire      ##...        8%          1    #......


Dungeon Overview and Level Annotations

Branches:
Dungeon (2/15)

Altars:


Innate Abilities, Weirdness & Mutations

You are resistant to torment.
Your stone body is resilient. (AC +3)
You are immune to poison.
You resist negative energy. (rN+)
You are resistant to electric shocks. (rElec)
You can survive without breathing.
You are immune to petrification.
You are immune to rotting.


Message History

Aim: a gnoll, wielding a club (moderately wounded)
The flame tongue hits the gnoll.
The gnoll is severely wounded.
The gnoll closely misses you. x2
You struggle against the net.
The gnoll hits you from afar with a spear.
The gnoll closely misses you.
You struggle against the net.
The gnoll barely misses you.
The gnoll hits you from afar with a spear.
The gnoll closely misses you.
You struggle against the net.
The gnoll hits you but does no damage.
The gnoll hits you from afar with a spear.
The gnoll hits you with a club.
* * * LOW HITPOINT WARNING * * *
A bat comes into view.
You rip the net and break free!
The gnoll hits you but does no damage. x3
The gnoll hits you but does no damage. The gnoll hits you with a club.
* * * LOW HITPOINT WARNING * * *
The gnoll hits you with a club.
You die...

#.# >.
#.# . #.#
. ###.#
.#
...##.#
...gb
#gg# #@#
......(†#
.....##.#
.### #.#
#.# #..
###


You could see 3 gnolls and a bat.

Vanquished Creatures
  A gnoll (D:1)
  An ooze (D:1)
  A dart slug (D:1)
  3 giant cockroaches
  2 goblins (D:1)
  3 hobgoblins (D:1)
  2 jackals (D:1)
  A quokka (D:2)
  A bat (D:1)
  A giant newt (D:1)
  2 kobolds (D:1)
  3 rats
21 creatures vanquished.

Notes
Turn   | Place    | Note
-------+----------+-------------------------------------------
     0 | D:1      | TheGoonsmith the Gargoyle Fire Elementalist began the quest for the Orb.
     0 | D:1      | Reached XP level 1. HP: 10/10 MP: 3/3
   216 | D:1      | Reached XP level 2. HP: 15/15 MP: 0/5
   782 | D:1      | Reached XP level 3. HP: 11/19 MP: 0/6
   950 | D:2      | Slain by a gnoll

Vault maps used:
D:1:      saegor_arrival_simple_c
D:2:      xom_redecorated

Skill      XL: |  1  2 |
---------------+-------+-----
Conjurations   | 2 |  2.6
Dodging        | |  1.5
Stealth        | |  2.1
Spellcasting   | |  2.5
Fire Magic     | |  3.2

Action                   || total
-------------------------++-------
Melee: Unarmed           ||     1
       Whip              ||    19
 Cast: Flame Tongue      ||    42
  Eat: Chunk             ||     1
Armor: Robe              ||    17
Dodge: Dodged            ||    29
